Map: Acropolis LE

Players

DaVidQ

  • Race: Protoss Protoss
  • League: Master
  • Spawn Location: 11:00

A.I. 1 (Very Easy) - Winner!

  • Race: Terran Terran
  • Spawn Location: 5:00

VOD

Have the link to the VOD?

Description

Time

  • Played on: Nov. 7, 2019, 11:20 a.m.
  • Length: 3:29
Show
View Real Time Build Order
Export as new Build Order

DaVidQ Protoss 

Build Orders: 1 Gate Expand 

Get SALT Encoding   

  12  0:00  Probe  
  13  0:12  Probe  
  14  0:17  Pylon  
  14  0:24  Probe (Chrono Boost)  
  16  0:36  Gateway  
  16  0:37  Probe (Chrono Boost)  
  16  0:43  Probe (Chrono Boost)  
  16  0:46  Assimilator  
  17  0:51  Probe  
  18  1:03  Probe  
  19  1:15  Probe  
  20  1:22  Nexus  
  20  1:32  Cybernetics Core  
  20  1:34  Probe  
  21  1:40  Assimilator  
  21  1:47  Probe  
  22  1:51  Pylon  
  22  1:59  Probe  
  23  2:08  Adept (Chrono Boost)  
  23  2:11  Probe  
  23  2:13  Robotics Facility  
  26  2:23  Probe  
  26  2:29  Stalker (Chrono Boost)  
  27  2:36  Probe (Chrono Boost)  
  31  2:37  Probe (Chrono Boost)  
  31  2:46  Probe x2 (Chrono Boost)  
  31  2:51  Probe x2 (Chrono Boost)  
  35  2:59  Sentry  
  35  3:02  Gateway, Probe  
  35  3:03  Probe  
  39  3:09  Gateway  
  39  3:15  Probe (Chrono Boost)  
  42  3:20  Probe (Chrono Boost)  
Show
View Real Time Build Order
Export as new Build Order

A.I. 1 (Very Easy) Terran - Winner!

Build Orders:  

Get SALT Encoding   

  12  0:00  SCV  
  13  0:13  SCV  
  14  0:17  Supply Depot  
  14  0:37  Refinery  
  14  0:42  Barracks  
  14  1:03  Supply Depot  
  14  1:12  Refinery  
  14  1:30  Orbital Command, Marine  
  15  1:49  Barracks Tech Lab  
  15  1:56  SCV  
  16  2:08  SCV  
  17  2:17  Marine  
  17  2:20  SCV  
  19  2:33  SCV  
  20  2:45  SCV  
  21  2:57  SCV  
  22  3:05  Marauder  
Tags
 
League
Master
Matchup
PvT
Spawn Locations
Cross Positions
Add a new tag
Caveats
  • Supply blocks, unpowered buildings, or Contaminate may cause inaccurate times.
  • Supply counts are checked every 10 seconds.